 Dungeon Crawl Stone Soup version 0.30-a0-122-g2a1322497e (webtiles) character file.

Game seed: 2925759045426133162

175 avis the Insei (level 5, -2/36 HPs)
             Began as an Octopode Transmuter on Sept 15, 2022.
             Succumbed to a scorpion's poison
             ... on level 4 of the Dungeon.
             The game lasted 00:17:04 (4155 turns).

avis the Insei (Octopode Transmuter)                Turns: 4155, Time: 00:17:05

Health: -2/36      AC:  1    Str: 10    XL:     5   Next: 55%
Magic:  8/8        EV: 12    Int: 17    God:
Gold:   94         SH:  3    Dex: 12    Spells: 0/8 levels left

rFire   . . .      SeeInvis .      - Unarmed
rCold   . . .      Faith    .    f - +0 buckler
rNeg    . . .      Spirit   .    (helmet currently unavailable)
rPois   .          Reflect  .    (no amulet)
rElec   .          Harm     .    (no ring)
rCorr   .          Rampage  .    (no ring)
Will    .....                    (no ring)
Stlth   +++.......               (no ring)
HPRegen 0.12/turn                (no ring)
MPRegen 0.11/turn                (no ring)
                                 (no ring)
                                 (no ring)

@: lethally poisoned (-2 -> -26), appendages
A: tentacle spike 3, almost no armour, amphibious, 8 rings, camouflage 1,
gelatinous body 1, (nimble swimmer 1), tentacles
a: End Transformation


You were on level 4 of the Dungeon.
One of your tentacles had grown a beastly spike.
You visited 1 branch of the dungeon, and saw 4 of its levels.

You collected 94 gold pieces.

Inventory:

Hand Weapons
 r - a +0 sling
 s - a +2 quarterstaff of chaos
Missiles
 o - 5 poisoned darts
 p - 3 boomerangs
Armour
 f - a +0 buckler (worn)
Scrolls
 b - 5 scrolls of identify {unknown}
 c - 2 scrolls of magic mapping
 i - 2 scrolls of noise
 q - a scroll of butterflies
Potions
 a - 4 potions of lignification
 d - 2 potions of brilliance {unknown}
 e - 2 potions of heal wounds {unknown}
 g - 3 potions of degeneration {unknown}
 h - a potion of berserk rage {unknown}
 j - 2 potions of curing {unknown}
 k - a potion of haste {unknown}
 l - a potion of invisibility {unknown}
 m - 2 potions of ambrosia {unknown}


   Skills:
 - Level 3.0 Fighting
 - Level 2.0 Dodging
 - Level 3.0 Stealth
 * Level 4.7 Unarmed Combat
 - Level 2.0 Spellcasting
 - Level 2.0 Transmutations


You couldn't memorise any spells.
You knew the following spells:

 Your Spells              Type           Power      Damage    Failure   Level
a - Beastly Appendage     Tmut           16%        N/A       12%         1
p - Spider Form           Tmut/Pois      5%         N/A       45%         3
q - Ice Form              Ice/Tmut       5%         N/A       86%         4

Your spell library contained the following spells:

 Spells                   Type           Power      Damage    Failure   Level
 Wereblood                Tmut           8%         N/A       17%         2
 Apportation              Tloc           2%         N/A       26%         1
 Necrotise                Necr           4%         1d4       26%         1
 Summon Small Mammal      Summ           4%         N/A       26%         1


Dungeon Overview and Level Annotations

Branches:
Dungeon (4/15)
 Temple: D:4-7

Altars:


Innate Abilities, Weirdness & Mutations

One of your tentacles has grown a beastly spike.
You cannot wear most types of armour.
You are amphibious.
You can wear up to eight rings at the same time.
Your skin changes colour to match your surroundings (Stealth+).
Your rubbery body absorbs attacks. (AC +1, EV +1)
((You are camouflaged when in or above water. (Stealth+)))
You have tentacles for arms and can constrict up to eight enemies at once.


Message History

Casting: Beastly Appendage (safe; 12% risk of failure)
Confirm with . or Enter, or press ? or * to list all spells.
One of your tentacles grows a vicious spike.
The scorpion stings you.
You closely miss the scorpion. You grab the scorpion.
You pierce the scorpion, but do no damage.
You constrict the scorpion, but do no damage.
The scorpion closely misses you.
You tentacle-slap the scorpion.
The scorpion is lightly wounded.
You constrict the scorpion. The scorpion stings you.
You are poisoned.
The scorpion poisons you!
You tentacle-slap the scorpion.
The scorpion is heavily wounded.
You constrict the scorpion.
You feel very sick. The scorpion stings you!
You are lethally poisoned!
The scorpion poisons you!
You tentacle-slap the scorpion.
Your tentacle spike misses the scorpion.
You squeeze the scorpion, but do no damage.
The scorpion is severely wounded.
You constrict the scorpion.
You feel very sick. The scorpion stings you.
You tentacle-slap the scorpion but do no damage.
You squeeze the scorpion, but do no damage.
The scorpion is almost dead.
You constrict the scorpion.
* * * LOW HITPOINT WARNING * * *
You feel very sick. The scorpion stings you.
* * * LOW HITPOINT WARNING * * *
You are more poisoned.
The scorpion poisons you!
You tentacle-slap the scorpion.
You kill the scorpion!
You die...

+**,,***,,*,*,*,*
#<#*****,,*
*,**,,,,,,*,*,#.*
#.#,,,,,>,*
,∩,**,*,,,*,*,#.*
#.#,*****,*
*,**,,,,,,*,*,#.*
#b#,* *,*
***,,******,*,#.*
#.#,* *,* ,*,,**
*,*,#.######.#,* *,*
,,,** *,#,#..?.....#,*
*,* ****
*,#.##.#.#.###.##***,*
*,#...@...........,,,*
*,####.#b#.###.###****
*,***#.....# *,*
#.....#...## *,*
#####.##..#***,*
#.,......,,*
##########**


There were no monsters in sight!

Vanquished Creatures
  A scorpion (D:4)
  Crazy Yiuf (D:3)
  6 adders
  4 worms
  6 dart slugs
  5 orcs (D:3)
  12 bats
  An endoplasm (D:1)
  3 giant cockroaches (D:1)
  4 goblins
  7 hobgoblins
  3 quokkas (D:2)
  5 ball pythons
  2 frilled lizards
  5 kobolds
  3 rats
68 creatures vanquished.

Notes
Turn   | Place    | Note
-------+----------+-------------------------------------------
     0 | D:1      | avis the Octopode Transmuter began the quest for the Orb.
     0 | D:1      | Reached XP level 1. HP: 13/13 MP: 3/3
   139 | D:1      | Reached XP level 2. HP: 18/19 MP: 5/5
   150 | D:1      | Reached skill level 1 in Stealth
   721 | D:1      | Reached XP level 3. HP: 24/24 MP: 4/6
   725 | D:1      | Learned a level 3 spell: Spider Form
   801 | D:1      | Found a faded altar of an unknown god.
  2170 | D:2      | Reached XP level 4. HP: 23/30 MP: 3/7
  3251 | D:3      | Reached skill level 4 in Unarmed Combat
  3251 | D:3      | Reached XP level 5. HP: 36/36 MP: 8/8
  3883 | D:3      | Found a runed translucent door.
  3884 | D:3      | Noticed Crazy Yiuf
  3921 | D:3      | Killed Crazy Yiuf
  4039 | D:3      | Learned a level 4 spell: Ice Form
  4155 | D:4      | Succumbed to a scorpion's poison

Illustrated notes

Levels and vault maps discovered:
D:1:      dpeg_arrival_connections, layout_loops_corners,
          ebering_ecumenical_altar_box
D:2:      layout_loops_corners
D:3:      layout_rooms, uniq_crazy_yiuf_cottage
D:4:      layout_basic, bloody_trog, enter_ossuary_5, serial_glass,
          glass_columns_a, glass_columns_a, serial_shops, shop

Skill      XL: |  1  2  3  4 |
---------------+-------------+-----
Fighting       | 2 3 |  3.0
Stealth        | 2 3 |  3.0
Unarmed Combat | 4 |  4.7
Dodging        | |  2.0
Spellcasting   | |  2.0
Transmutations | |  2.0

Action                   |  1- 3 |  4- 6 || total
-------------------------+-------+-------++-------
Melee: Unarmed           |    73 |    80 ||   153
       Constrict         |    23 |    20 ||    43
       Kick              |    22 |    24 ||    46
       Tentacles         |    12 |    20 ||    32
       Punch             |     3 |       ||     3
 Cast: Beastly Appendage |    25 |    28 ||    53
       Spider Form       |     1 |     1 ||     2
  Use: Scroll            |       |     5 ||     5
 Stab: Sleeping          |     8 |     7 ||    15
Armor: Skin              |     9 |     7 ||    16
Dodge: Dodged            |    33 |    37 ||    70

Table legend: (Time is in decaauts)
 A = Elapsed time spent in this place.
 B = Non-inter-level travel time spent in this place.
 C = Inter-level travel time spent in this place.
 D = Time resting spent in this place.
 E = Time spent auto-exploring this place.
 F = Levels seen in this place.
 G = Mean time per level.
                   A        B        C        D        E       F      G
               +--------+--------+--------+--------+--------+-----+--------+
         Total |   4149 |   3813 |    336 |   1234 |   1804 |   4 | 1037.2 |
       Dungeon |   4149 |   3813 |    336 |   1234 |   1804 |   4 | 1037.2 |
               +--------+--------+--------+--------+--------+-----+--------+

Top non-repeatable levels by time:
     D:1: 1992 daAuts
     D:2: 1283 daAuts
     D:3: 822 daAuts
     D:4: 52 daAuts
